 Dungeon Crawl Stone Soup version 0.24-a0-512-g2b48af375b (webtiles) character file.

Game seed: 1693764516292421952

8316 Ablot the Magician (level 11, 0/85 HPs)
             Began as a Gnoll Skald on July 19, 2019.
             Was a High Priest of Okawaru.
             Killed by vampiric draining
             ... invoked by Josephine
              (12 damage)
             ... on level 11 of the Dungeon.
             The game lasted 00:28:17 (8501 turns).

Ablot the Magician (Gnoll Skald)                    Turns: 8501, Time: 00:28:18

Health: 0/85       AC:  5    Str: 16    XL:     11   Next: 29%
Magic:  17/22      EV: 16    Int: 17    God:    Okawaru [*****.]
Gold:   427        SH:  9    Dex: 16    Spells: 14/25 levels left

rFire    + + .     SeeInvis .   L - +7 dagger of Bodily Humours {pierce, rC+}
rCold    + + .     Gourm    .   N - +0 buckler (curse)
rNeg     . . .     Faith    .   y - +1 robe "Feypn" {rElec rF+ rCorr}
rPois    +         Spirit   .   w - +0 helmet
rElec    +         Reflect  +   (no cloak)
rCorr    +         Harm     .   (no gloves)
MR       +....                  K - +0 pair of boots
Stlth    +++.......             C - +4 amulet of reflection
HPRegen  0.24/turn              t - +2 ring of intelligence
MPRegen  0.18/turn              O - ring of protection from magic

@: resistant, singing, slowed, studying Axes, heavily drained, very slow
A: distributed training, fangs 1, strong nose
a: Heroism, Finesse, Renounce Religion


You were on level 11 of the Dungeon.
You worshipped Okawaru.
Okawaru was extremely pleased with you.
You were not hungry.

You visited 2 branches of the dungeon, and saw 12 of its levels.

You collected 562 gold pieces.
You spent 135 gold pieces at shops.

Inventory:

Hand Weapons
 I - a +4 dagger of pain
 J - a +1 trident of venom
 L - the +7 dagger of Bodily Humours (weapon) {pierce, rC+}
   (You found it on level 9 of the Dungeon)

   It inflicts extra damage upon your enemies.
   It protects you from cold.
 Q - a +0 hand axe
Missiles
 c - 21 sling bullets
 l - 2 atropa-tipped darts
 o - 155 arrows
 p - 382 stones
 q - 9 javelins (quivered)
 r - 91 bolts
 v - 6 throwing nets
 P - 4 silver javelins
Armour
 w - a +0 helmet (worn)
 y - the +1 robe "Feypn" (worn) {rElec rF+ rCorr}
   (You found it on level 4 of the Dungeon)

   It protects you from fire.
   It insulates you from electricity.
   It provides partial protection from all sources of acid and corrosion.
 K - a +0 pair of boots (worn)
 N - a cursed +0 buckler (worn)
Jewellery
 t - a +2 ring of intelligence (left hand)
 C - a +4 amulet of reflection (around neck)
 O - a ring of protection from magic (right hand)
Wands
 i - a wand of digging (5)
 F - a wand of paralysis (11)
 H - a wand of flame (27)
Scrolls
 b - 2 scrolls of fog {unknown}
 k - 2 scrolls of enchant weapon
 m - 4 scrolls of teleportation
 s - 2 scrolls of immolation {unknown}
 x - 2 scrolls of remove curse {unknown}
 B - 4 scrolls of magic mapping {unknown}
 D - a scroll of enchant armour {unknown}
 E - a scroll of fear {unknown}
Potions
 e - 5 potions of lignification
 f - 4 potions of brilliance
 g - 11 potions of curing
 h - a potion of mutation {unknown}
 j - 2 potions of invisibility
 n - 3 potions of flight {unknown}
 A - a potion of berserk rage {unknown}
Books
 M - a manual of Axes
Miscellaneous
 G - a box of beasts
Comestibles
 d - 16 rations
 u - 33 chunks of flesh


   Skills:
 + Level 7.6(5.8) Fighting
 + Level 6.0(4.3) Short Blades
 + Level 6.0(4.3) Long Blades
 + Level 6.6(4.9) Axes
 + Level 6.0(4.3) Maces & Flails
 + Level 7.6(5.8) Polearms
 + Level 6.0(4.3) Staves
 + Level 6.0(4.3) Slings
 + Level 6.0(4.3) Bows
 + Level 6.0(4.3) Crossbows
 + Level 6.0(4.3) Throwing
 + Level 6.6(4.8) Armour
 + Level 7.6(5.8) Dodging
 + Level 6.0(4.3) Stealth
 + Level 6.0(4.3) Shields
 + Level 6.0(4.3) Unarmed Combat
 + Level 7.9(6.1) Spellcasting
 + Level 5.0(3.3) Conjurations
 + Level 5.0(3.3) Hexes
 + Level 7.5(5.7) Charms
 + Level 5.0(3.3) Summonings
 + Level 5.0(3.3) Necromancy
 + Level 5.0(3.3) Translocations
 + Level 5.0(3.3) Transmutations
 + Level 5.0(3.3) Fire Magic
 + Level 5.0(3.3) Ice Magic
 + Level 5.0(3.3) Air Magic
 + Level 5.0(3.3) Earth Magic
 + Level 5.0(3.3) Poison Magic
 + Level 6.6(4.8) Invocations
 + Level 6.0(4.3) Evocations


You had 14 spell levels left.
You knew the following spells:

 Your Spells              Type           Power        Failure   Level  Hunger
a - Infusion              Chrm           ###.         1%          1    None
b - Song of Slaying       Chrm           ###.....     1%          2    None
c - Shroud of Golubria    Chrm/Tloc      ###...       3%          2    None
d - Regeneration          Chrm/Necr      ###.......   6%          3    ##.....
e - Spectral Weapon       Hex/Chrm       ###.....     6%          3    ##.....

Your spell library contained the following spells:

 Spells                   Type           Power        Failure   Level  Hunger


Dungeon Overview and Level Annotations

Branches:
Dungeon (12/15)            Temple (1/1) D:5            Lair (0/6) D:11
    Orc (0/2) D:11

Altars:
Ashenzari
Cheibriados
Dithmenos
Fedhas
Gozag
Hepliaklqana
Kikubaaqudgha
Makhleb
Nemelex Xobeh
Okawaru
Qazlal
Ru
Sif Muna
Trog
Uskayaw
Vehumet
Wu Jian
Xom
Yredelemnul
Zin
The Shining One

Shops:
D:4 *

Annotations:
D:11 Josephine


Innate Abilities, Weirdness & Mutations

Your experience applies equally to all skills.
You have very sharp teeth.
Your uncanny sense of smell can sniff out nearby items.


Message History

* * * LOW HITPOINT WARNING * * *
You block the wraith's attack. The wraith closely misses you.
Unknown command.
Okay, then.
You feel much better.
A jackal comes into view.
Josephine hits you but does no damage. You block the wraith's attack.
The wraith closely misses you. The wraith hits you.
The wraith drains your vigour!
You feel yourself slow down.
Josephine hits you with a +2 dagger of speed.
* * * LOW HITPOINT WARNING * * *
You block the wraith's attack.
You feel protected.
A jackal comes into view.
You block the wraith's attack. The wraith hits you!
* * * LOW HITPOINT WARNING * * *
The wraith drains your vigour!
You feel as though you will be slow longer.
Josephine is infused with unholy energy.
You die...

###....†.....# #
.###....÷....##.#####
......#.#..##..^.....
∆......#..............
.....(.....#..#.........
....l....#.#..#.........
#...###..#.#..#.........
#.....W@W.....#.########
##...P.W@(.>#.##.#
##...P.♣WP.P...(..#
#.h.h....P..PP...##
........♣.÷....#.# ######
#♣P.♣..PP.P.P.P...####.....
#P...♣.÷....♣........÷....#
...P...)>..÷.♣..#.####.##..
#.......P...÷..P..# #.####
....P..........♣### #.....


You could see Josephine, 4 wraiths, 2 jackals and a friendly spectral +7 dagger
of Bodily Humours {pierce, rC+}.

Vanquished Creatures
  Harold (D:7)
  A centaur warrior (D:9)
  A manticore (D:11)
  Sigmund (D:5)
  A spriggan (D:7)
  Eustachio (D:5)
  A wyvern (D:11)
  6 yaks (D:11)
  A steam dragon (D:6)
  3 hungry ghosts
  A water moccasin (D:8)
  3 porcupines (D:11)
  7 sky beasts
  An ice beast (D:8)
  An orc warrior (D:8)
  3 ogres
  3 centaurs
  2 crocodiles (D:11)
  8 bullfrogs
  A water moccasin zombie (D:8)
  2 scorpions
  7 killer bees
  5 wights (D:7)
  6 howler monkeys
  2 crimson imps
  A centaur skeleton (D:9)
  4 orc priests
  2 jellies
  A bullfrog skeleton (D:6)
  6 hounds
  4 iguanas
  10 orc wizards
  5 worker ants
  A hound zombie (D:8)
  A hound skeleton (D:4)
  Robin (D:4)
  7 gnolls
  4 adders
  A shadow imp (D:6)
  3 oozes
  An adder zombie (D:9)
  2 adder skeletons
  2 worms
  2 dart slugs
  5 leopard geckos
  26 orcs
  7 giant cockroaches
  16 goblins
  6 hobgoblins
  10 jackals
  7 kobolds
  5 quokkas
  2 ball pythons
  6 bats
  A frilled lizard (D:1)
  9 rats
227 creatures vanquished.

Vanquished Creatures (others)
  An iguana (D:6)
  2 fungi (D:11)
  5 plants (D:11)
  2 spectral weapons (D:6)
10 creatures vanquished.

Grand Total: 237 creatures vanquished

Notes
Turn   | Place    | Note
-------+----------+-------------------------------------------
     0 | D:1      | Ablot the Gnoll Skald began the quest for the Orb.
     0 | D:1      | Reached XP level 1. HP: 20/20 MP: 6/6
   409 | D:1      | Reached XP level 2. HP: 22/26 MP: 7/7
   416 | D:1      | Learned a level 2 spell: Song of Slaying
   419 | D:1      | Learned a level 2 spell: Shroud of Golubria
   748 | D:2      | Reached XP level 3. HP: 25/31 MP: 9/9
   753 | D:2      | Learned a level 3 spell: Regeneration
   757 | D:2      | Learned a level 3 spell: Spectral Weapon
   786 | D:2      | Reached skill level 5 in Spellcasting
  1145 | D:2      | Reached skill level 1 in Invocations
  1255 | D:3      | Reached skill level 1 in Short Blades
  1255 | D:3      | Reached skill level 1 in Long Blades
  1255 | D:3      | Reached skill level 1 in Axes
  1255 | D:3      | Reached skill level 1 in Maces & Flails
  1255 | D:3      | Reached skill level 1 in Staves
  1255 | D:3      | Reached skill level 1 in Slings
  1255 | D:3      | Reached skill level 1 in Bows
  1255 | D:3      | Reached skill level 1 in Crossbows
  1255 | D:3      | Reached skill level 1 in Throwing
  1255 | D:3      | Reached skill level 1 in Stealth
  1255 | D:3      | Reached skill level 1 in Shields
  1255 | D:3      | Reached skill level 1 in Unarmed Combat
  1255 | D:3      | Reached skill level 1 in Evocations
  1255 | D:3      | Reached XP level 4. HP: 22/38 MP: 0/11
  1489 | D:3      | Found a glowing golden altar of the Shining One.
  1647 | D:3      | Upgraded the game from 0.24-a0-507-g3e8b242632 to
                  | 0.24-a0-512-g2b48af375b
  1713 | D:3      | Reached skill level 1 in Conjurations
  1713 | D:3      | Reached skill level 1 in Hexes
  1713 | D:3      | Reached skill level 1 in Summonings
  1713 | D:3      | Reached skill level 1 in Necromancy
  1713 | D:3      | Reached skill level 1 in Translocations
  1713 | D:3      | Reached skill level 1 in Transmutations
  1713 | D:3      | Reached skill level 1 in Fire Magic
  1713 | D:3      | Reached skill level 1 in Ice Magic
  1713 | D:3      | Reached skill level 1 in Air Magic
  1713 | D:3      | Reached skill level 1 in Earth Magic
  1713 | D:3      | Reached skill level 1 in Poison Magic
  2152 | D:3      | Reached XP level 5. HP: 41/43 MP: 1/12
  2162 | D:3      | Found a shattered altar of Ashenzari.
  2230 | D:3      | Found a hide-covered altar of Uskayaw.
  2345 | D:4      | Noticed Robin
  2465 | D:4      | Killed Robin
  2553 | D:4      | Noticed an ogre
  2564 | D:4      | Killed an ogre
  2564 | D:4      | Reached XP level 6. HP: 50/50 MP: 3/13
  2804 | D:4      | Reached skill level 5 in Fighting
  2804 | D:4      | Reached skill level 5 in Polearms
  2804 | D:4      | Reached skill level 5 in Dodging
  2944 | D:4      | Found a shimmering altar of Xom.
  2944 | D:4      | Found a shimmering altar of Xom.
  2945 | D:4      | Found a shimmering altar of Xom.
  2946 | D:4      | Found a shimmering altar of Xom.
  3018 | D:4      | Found Tass's Assorted Antiques.
  3132 | D:4      | Got a shimmering robe
  3145 | D:4      | Identified the +1 robe "Feypn" {rElec rF+ rCorr} (You found
                  | it on level 4 of the Dungeon)
  3298 | D:5      | Entered Level 5 of the Dungeon
  3339 | D:5      | Noticed a sky beast
  3365 | D:5      | Killed a sky beast
  3365 | D:5      | Reached XP level 7. HP: 44/56 MP: 2/15
  3513 | D:5      | Noticed Sigmund
  3677 | D:5      | Found a staircase to the Ecumenical Temple.
  3683 | Temple   | Entered the Ecumenical Temple
  3869 | D:5      | Noticed Eustachio
  4017 | D:5      | Found a bloodstained altar of Trog.
  4342 | D:5      | Killed Eustachio
  4460 | D:6      | Reached XP level 8. HP: 47/63 MP: 10/16
  4985 | D:6      | Found a snail-covered altar of Cheibriados.
  5016 | D:6      | Found an iron altar of Okawaru.
  5019 | D:6      | Became a worshipper of Warmaster Okawaru
  5368 | D:6      | Found a sacrificial altar of Ru.
  5638 | D:7      | Reached XP level 9. HP: 63/69 MP: 12/18
  5674 | D:7      | Reached * piety under Okawaru
  5934 | D:7      | Noticed Harold
  5944 | D:7      | Reached skill level 5 in Armour
  5957 | D:7      | Killed Harold
  5957 | D:7      | Reached ** piety under Okawaru
  5957 | D:7      | Reached skill level 5 in Invocations
  6139 | D:7      | Reached XP level 10. HP: 49/77 MP: 13/20
  6287 | D:7      | Found a blossoming altar of Fedhas.
  6640 | D:8      | Reached skill level 5 in Short Blades
  6640 | D:8      | Reached skill level 5 in Long Blades
  6640 | D:8      | Reached skill level 5 in Axes
  6640 | D:8      | Reached skill level 5 in Maces & Flails
  6640 | D:8      | Reached skill level 5 in Staves
  6640 | D:8      | Reached skill level 5 in Slings
  6640 | D:8      | Reached skill level 5 in Bows
  6640 | D:8      | Reached skill level 5 in Crossbows
  6640 | D:8      | Reached skill level 5 in Throwing
  6640 | D:8      | Reached skill level 5 in Stealth
  6640 | D:8      | Reached skill level 5 in Shields
  6640 | D:8      | Reached skill level 5 in Unarmed Combat
  6640 | D:8      | Reached skill level 5 in Evocations
  6708 | D:8      | Reached *** piety under Okawaru
  6806 | D:8      | Found a burning altar of Makhleb.
  7043 | D:8      | Found a hide-covered altar of Uskayaw.
  7448 | D:9      | Found a hazy altar of Hepliaklqana.
  7644 | D:9      | Got a transparent dagger
  7669 | D:9      | Identified the +7 dagger of Bodily Humours {pierce, rC+}
                  | (You found it on level 9 of the Dungeon)
  7828 | D:5      | Killed Sigmund
  7905 | D:4      | Bought a blackened bronze ring for 135 gold pieces
  8060 | D:9      | Found a deep blue altar of Sif Muna.
  8078 | D:9      | Found a radiant altar of Vehumet.
  8080 | D:9      | Noticed a centaur warrior
  8083 | D:9      | Killed a centaur warrior
  8083 | D:9      | Received a gift from Okawaru
  8083 | D:9      | Reached **** piety under Okawaru
  8124 | D:9      | You fall into a shaft and drop 3 floors!
  8134 | D:12     | Noticed a skeletal warrior
  8134 | D:12     | Noticed a skeletal warrior
  8134 | D:12     | Noticed a skeletal warrior
  8147 | D:11     | Found a staircase to the Lair.
  8147 | D:11     | Noticed a manticore
  8190 | D:11     | Found a staircase to the Orcish Mines.
  8219 | D:11     | Found an opulent altar of Gozag.
  8279 | D:11     | Reached XP level 11. HP: 66/84 MP: 13/22
  8296 | D:11     | Killed a manticore
  8296 | D:11     | Received a gift from Okawaru
  8416 | D:11     | Reached skill level 5 in Conjurations
  8416 | D:11     | Reached skill level 5 in Hexes
  8416 | D:11     | Reached skill level 5 in Summonings
  8416 | D:11     | Reached skill level 5 in Necromancy
  8416 | D:11     | Reached skill level 5 in Translocations
  8416 | D:11     | Reached skill level 5 in Transmutations
  8416 | D:11     | Reached skill level 5 in Fire Magic
  8416 | D:11     | Reached skill level 5 in Ice Magic
  8416 | D:11     | Reached skill level 5 in Air Magic
  8416 | D:11     | Reached skill level 5 in Earth Magic
  8416 | D:11     | Reached skill level 5 in Poison Magic
  8455 | D:11     | Reached ***** piety under Okawaru
  8487 | D:11     | Noticed Josephine
  8498 | D:11     | HP: 4/85 [Josephine/+2 dagger of speed (12)]
  8501 | D:11     | Killed from afar by Josephine

Levels and vault maps discovered:
D:1:      minmay_arrival_widening_spiral_wide, layout_basic, minivault_5
D:2:      layout_basic
D:3:      layout_loops_ring, lemuel_round_altar, lemuel_crystal_altar,
          lemuel_coloured_pillars_altar, first_ration
D:4:      layout_rooms, xom_redecorated, serial_shops, shop, serial_park_tiny_2,
          kennysheep_generic_room_14, uniq_robin
D:5:      layout_cave_pools, lightli_temple_of_fire, temple_doors_ab,
          uniq_sigmund, uniq_eustachio
D:6:      layout_basic, kennysheep_mini_moat, kennysheep_slug_shrine,
          kennysheep_little_box, serial_glass, glass_columns_c, glass_columns_a
D:7:      layout_cave_pools, fedhas_altar_3, the_bakery, uniq_harold
D:8:      layout_loops_ring, bloody_makhleb, lemuel_statue_altar
D:9:      layout_long_grid, lemuel_round_altar, vehumet_crystals,
          nicolae_overflow_hidden_temple, led_sif_pool
D:11:     layout_loops_cross, minmay_lair_entry_grove, orc_0_dummy, basic_altar,
          uniq_josephine, uniq_snorg
D:12:     minmay_the_grid_octo_tiled_squarecenter
          [minmay_the_grid_octo_odd_swirl, minmay_the_grid_octo_vomiting_pacman,
          minmay_the_grid_octo_fat_diamond, minmay_the_grid_octo_toaster,
          minmay_the_grid_square_5x5_megaprize_crossed,
          minmay_the_grid_square_5x5_longway,
          minmay_the_grid_square_5x5_inner_z, minmay_the_grid_square_5x5_c,
          minmay_the_grid_square_5x5_almost_minimal], layout_loops_ring,
          special_room [special_room_orc], statue_in_the_mist_lemuel
Temple:   dpeg_three_leaves_temple

Skill      XL: |  1  2  3  4  5  6  7  8  9 10 11 |
---------------+----------------------------------+-----
Spellcasting   | 5 6 7 |  7.9
Invocations    | 1 2 3 4 5 6 |  6.6
Short Blades   | 1 2 3 4 5 6 |  6.0
Long Blades    | 1 2 3 4 5 6 |  6.0
Axes           | 1 2 3 4 6 |  6.6
Maces & Flails | 1 2 3 4 5 6 |  6.0
Staves         | 1 2 3 4 5 6 |  6.0
Slings         | 1 2 3 4 5 6 |  6.0
Bows           | 1 2 3 4 5 6 |  6.0
Crossbows      | 1 2 3 4 5 6 |  6.0
Throwing       | 1 2 3 4 5 6 |  6.0
Stealth        | 1 2 3 4 5 6 |  6.0
Shields        | 1 2 3 4 5 6 |  6.0
Unarmed Combat | 1 2 3 4 5 6 |  6.0
Evocations     | 1 2 3 4 5 6 |  6.0
Conjurations   | 1 2 3 4 5 |  5.0
Hexes          | 1 2 3 4 5 |  5.0
Summonings     | 1 2 3 4 5 |  5.0
Necromancy     | 1 2 3 4 5 |  5.0
Translocations | 1 2 3 4 5 |  5.0
Transmutations | 1 2 3 4 5 |  5.0
Fire Magic     | 1 2 3 4 5 |  5.0
Ice Magic      | 1 2 3 4 5 |  5.0
Air Magic      | 1 2 3 4 5 |  5.0
Earth Magic    | 1 2 3 4 5 |  5.0
Poison Magic   | 1 2 3 4 5 |  5.0
Armour         | 3 4 5 6 |  6.6
Fighting       | 5 6 7 |  7.6
Polearms       | 5 6 7 |  7.6
Dodging        | 5 6 7 |  7.6
Charms         | 6 7 |  7.5

Action                   |  1- 3 |  4- 6 |  7- 9 | 10-12 || total
-------------------------+-------+-------+-------+-------++-------
Melee: Spear             |   143 |   182 |   268 |       ||   593
       Bite              |    14 |    17 |    39 |    29 ||    99
       Punch             |       |       |     7 |     5 ||    12
       Trident           |       |       |    38 |   168 ||   206
       Dagger            |       |       |       |    84 ||    84
Throw: Javelin           |       |       |     7 |    12 ||    19
 Cast: Shroud of Golubri |     1 |    11 |    19 |    14 ||    45
       Song of Slaying   |     1 |     5 |     7 |     4 ||    17
       Infusion          |     1 |     2 |     3 |     1 ||     7
       Spectral Weapon   |       |     7 |    20 |    15 ||    42
       Regeneration      |       |     5 |    14 |     5 ||    24
  Use: Scroll            |       |       |     7 |     3 ||    10
       Potion            |       |       |       |     3 ||     3
 Stab: Sleeping          |     3 |       |     1 |    12 ||    16
       Distracted        |       |       |     3 |     1 ||     4
  Eat: Chunk             |     1 |     8 |    14 |    10 ||    33
Armor: Leather armour    |    14 |    27 |       |       ||    41
       Robe              |       |     7 |    29 |    21 ||    57
Dodge: Dodged            |    56 |   104 |   209 |   106 ||   475
Block: Other             |       |       |    38 |    17 ||    55
       Buckler           |       |       |       |    26 ||    26
       Reflection        |       |       |       |     1 ||     1

Table legend:
 A = Non-vault XP
 B = Vault XP
 C = Vault XP percentage of total XP
 D = Non-vault monster count
 E = Vault monster count
 F = Vault count percentage of total count
                 A         B        C        D         E       F
            +---------+---------+-------+---------+---------+-------
      Total |    8313 |    3568 |  30.0 |     198 |      30 |  13.2
            +---------+---------+-------+---------+---------+-------
        D:1 |      27 |       0 |   0.0 |      18 |       0 |   0.0
        D:2 |      34 |       0 |   0.0 |      14 |       0 |   0.0
        D:3 |     126 |      17 |  11.9 |      24 |      10 |  29.4
        D:4 |     275 |      19 |   6.5 |       8 |       3 |  27.3
        D:5 |     397 |     441 |  52.6 |      14 |       2 |  12.5
        D:6 |    1190 |       4 |   0.3 |      24 |       1 |   4.0
        D:7 |    1574 |    1233 |  43.9 |      38 |       2 |   5.0
        D:8 |    1588 |       0 |   0.0 |      28 |       0 |   0.0
        D:9 |    1721 |       0 |   0.0 |      19 |       0 |   0.0
       D:11 |    1381 |    1854 |  57.3 |      11 |      12 |  52.2
            +---------+---------+-------+---------+---------+-------
